 Dungeon Sprint DCSS version 0.21.1-1-g345015f (webtiles) character file.

2874 equalderp2856 the Fighter (level 9, -7/93 HPs)
             Began as a Minotaur Fighter on May 22, 2018.
             Mangled by a sun demon (14 damage)
             ... summoned by a kobold demonologist
             ... while paralysed by a floating eye
             ... in the Dungeon (Sprint I: "Red Sonja").
             The game lasted 00:04:33 (1643 turns).

equalderp2856 the Fighter (Minotaur Fighter)        Turns: 1643, Time: 00:04:34

Health: -7/93      AC: 11    Str: 21    XL:     9   Next: 47%
Magic:  8/8        EV:  2    Int:  6    God:
Gold:   602        SH:  0    Dex: 12    Spells: 8/8 levels left

rFire    . . .     SeeInvis .   a - +0 war axe
rCold    + . .     Gourm    .   c - +0 shield
rNeg     . . .     Faith    .   d - +2 ring mail {rC+}
rPois    .         Spirit   .   e - +1 hat
rElec    .         Reflect  .   (no cloak)
rCorr    .         Harm     .   (no gloves)
MR       .....     NoTele   +   (no boots)
Stlth    +.........             (no amulet)
HPRegen  0.25/turn              (no ring)
MPRegen  0.11/turn              (no ring)

@: paralysed
A: retaliatory headbutt, horns 2
a: no special abilities


You were in the Dungeon.
You were very hungry.

You visited 1 branch You collected 756 gold pieces.
You spent 154 gold pieces at shops.

Inventory:

Hand Weapons
 a - a +0 war axe (weapon)
Armour
 b - a +0 scale mail
 c - a +0 shield (worn)
 d - a +2 ring mail of cold resistance (worn)
 e - a +1 hat (worn)
 l - a +2 leather armour of fire resistance
Scrolls
 k - a scroll of blinking
 n - a scroll of identify {unknown}
Potions
 h - a potion of haste
 i - 2 potions of magic
 m - a potion of brilliance {unknown}
Comestibles
 f - a ration


   Skills:
 + Level 13.4 Fighting
 + Level 11.8 Axes
 + Level 13.2 Armour
 + Level 4.3 Dodging
 + Level 1.4 Stealth
 + Level 13.4 Shields


You had 8 spell levels left.
You didn't know any spells.

Dungeon Overview and Level Annotations

Branches:
Dungeon (1/1)

Altars:
Cheibriados
Dithmenos
Elyvilon
Fedhas
Gozag
Hepliaklqana
Kikubaaqudgha
Makhleb
Nemelex Xobeh
Okawaru
Qazlal
Ru
Sif Muna
Trog
Uskayaw
Vehumet
Wu Jian
Xom
Yredelemnul
Zin
The Shining One
Jiyva
Lugonu

Shops:
D ([

Annotations:
D exclusion: oklob plant


Innate Abilities, Weirdness & Mutations

You reflexively headbutt those who attack you in melee.
You have a pair of horns on your head.


Message History

You block the sun demon's attack.
You slash the kobold demonologist!
Your headbutt misses the kobold demonologist.
The kobold demonologist is heavily wounded.
You slash the sun demon!
The kobold demonologist gestures wildly while chanting.
You block the sun demon's attack.
You slice the kobold demonologist!!
You headbutt the kobold demonologist, but do no damage.
The kobold demonologist is almost dead.
You hit the sun demon.
The kobold demonologist hits you but does no damage.
The floating eye gazes piercingly through you!
You suddenly lose the ability to move!
The sun demon hits you!!
You are engulfed in flames!
* * * LOW HITPOINT WARNING * * *
The sun demon hits you!
* * * LOW HITPOINT WARNING * * *
You are engulfed in flames!
You die...

#########################
<.#..)..#..'..#_@#.)'...#
..').#..').#..'.3KG.#...#
..#####'#####'#__#### ..+
..####..#...#)####.§#####
..#__####..##.#§§§§.#§§#
..#_____##§#_.'§§≈§§§.§#
⌠⌠#_.∩...'..._#§≈§§.#.§#
###_..__##_.#'##§#####+#
#_____###+#)#([..###P'.#


You could see a sun demon, a kobold demonologist and a floating eye.

Vanquished Creatures
  2 centaur warriors (D)
  A deep troll (D)
  A kobold demonologist (D)
  A hornet (D)
  A slime creature (D)
  Sigmund (D)
  A yak (D)
  An ogre (D)
  A jelly (D)
  Ijyb (D)
11 creatures vanquished.

Vanquished Creatures (others)
  A gargoyle (D)
1 creature vanquished.

Grand Total: 12 creatures vanquished

Notes
Turn   | Place    | Note
-------+----------+-------------------------------------------
     0 | D        | equalderp2856 the Minotaur Fighter began the quest for the Orb.
     0 | D        | Reached XP level 1. HP: 19/19 MP: 0/0
     4 | D        | Noticed Ijyb
    11 | D        | Killed Ijyb
    11 | D        | Reached skill level 5 in Fighting
    11 | D        | Reached skill level 5 in Armour
    11 | D        | Reached skill level 5 in Shields
    11 | D        | Reached XP level 2. HP: 29/29 MP: 1/1
   130 | D        | Noticed an ogre
   133 | D        | Killed an ogre
   133 | D        | Reached XP level 3. HP: 39/39 MP: 2/2
   133 | D        | Reached XP level 4. HP: 47/47 MP: 3/3
   179 | D        | Noticed Sigmund
   194 | D        | Killed Sigmund
   194 | D        | Reached skill level 5 in Axes
   194 | D        | Reached XP level 5. HP: 21/57 MP: 4/4
   194 | D        | Reached XP level 6. HP: 24/63 MP: 5/5
   359 | D        | Killed a gargoyle
   414 | D        | Found a burning altar of Makhleb.
   414 | D        | Found a viscous altar of Jiyva.
   414 | D        | Found a shimmering altar of Xom.
   414 | D        | Found a corrupted altar of Lugonu.
   414 | D        | Noticed a slime creature
   420 | D        | Killed a slime creature
   420 | D        | Reached skill level 10 in Fighting
   420 | D        | Reached skill level 10 in Armour
   420 | D        | Reached skill level 1 in Dodging
   420 | D        | Reached skill level 10 in Shields
   424 | D        | Found an ornate altar of the Wu Jian Council.
   424 | D        | Found a deep blue altar of Sif Muna.
   426 | D        | Found a radiant altar of Vehumet.
   534 | D        | Found Gyeroly's Antique Weapon Emporium.
   534 | D        | Found an ancient bone altar of Kikubaaqudgha.
   534 | D        | Found a hazy altar of Hepliaklqana.
   534 | D        | Found a stormy altar of Qazlal.
   534 | D        | Found a hide-covered altar of Uskayaw.
   534 | D        | Found a blossoming altar of Fedhas.
   534 | D        | Found a bloodstained altar of Trog.
   534 | D        | Found an iron altar of Okawaru.
   534 | D        | Found a basalt altar of Yredelemnul.
   534 | D        | Found a glowing golden altar of the Shining One.
   534 | D        | Found a snail-covered altar of Cheibriados.
   534 | D        | Found a sacrificial altar of Ru.
   534 | D        | Found a glowing silver altar of Zin.
   534 | D        | Found a shadowy altar of Dithmenos.
   534 | D        | Found a white marble altar of Elyvilon.
   534 | D        | Noticed a yak
   539 | D        | Killed a yak
   539 | D        | Reached XP level 7. HP: 53/73 MP: 6/6
   540 | D        | Found an opulent altar of Gozag.
   541 | D        | Found a sparkling altar of Nemelex Xobeh.
   644 | D        | Noticed a centaur warrior
   645 | D        | Noticed a centaur warrior
   664 | D        | Noticed a deep troll
   670 | D        | Killed a deep troll
   670 | D        | Reached XP level 8. HP: 12/82 MP: 7/7
   967 | D        | Found Vimuw's Armour Emporium.
  1010 | D        | Killed a centaur warrior
  1010 | D        | Reached skill level 10 in Axes
  1010 | D        | Reached skill level 1 in Stealth
  1031 | D        | Killed a centaur warrior
  1031 | D        | Reached XP level 9. HP: 70/93 MP: 8/8
  1204 | D        | Noticed an oklob plant
  1362 | D        | Bought a +1 hat for 154 gold pieces
  1614 | D        | Noticed a kobold demonologist
  1622 | D        | Noticed an ice devil
  1624 | D        | Noticed a kobold demonologist
  1633 | D        | Killed a kobold demonologist
  1638 | D        | Noticed a sun demon
  1642 | D        | Paralysed by a floating eye for 4 turns
  1643 | D        | Mangled by a sun demon

Skill      XL: |  1  2  3  4  5  6  7  8 |
---------------+-------------------------+-----
Fighting       | 5 7 9 10 11 13 | 13.4
Axes           | 3 4 5 6 8 11 | 11.8
Armour         | 5 7 9 10 11 13 | 13.2
Shields        | 5 7 8 10 11 13 | 13.4
Dodging        | 1 2 4 |  4.3
Stealth        | 1 |  1.4

Action                   |  1- 3 |  4- 6 |  7- 9 || total
-------------------------+-------+-------+-------++-------
Melee: War axe           |     8 |    20 |    54 ||    82
       Headbutt          |     2 |     8 |     6 ||    16
  Use: Potion            |       |       |     4 ||     4
  Eat: Chunk             |       |       |     1 ||     1
Armor: Scale mail        |     4 |     2 |     5 ||    11
       Ring mail         |       |       |    10 ||    10
Dodge: Dodged            |     1 |     5 |    21 ||    27
Block: Shield            |     4 |    11 |    35 ||    50
